 Dungeon Crawl Stone Soup version 0.24.0-35-gdb84b6a5db (webtiles) character file.

Game seed: 4567742366673750645, levelgen mode: deterministic

37 Amplified the Charlatan (level 3, -3/28 HPs)
             Began as a Gnoll Artificer on Nov 19, 2019.
             Slain by a goblin
             ... wielding a +1 dagger of electrocution
              (17 damage)
             ... on level 2 of the Dungeon.
             The game lasted 00:02:01 (1408 turns).

Amplified the Charlatan (Gnoll Artificer)           Turns: 1408, Time: 00:02:01

Health: -3/28      AC:  6    Str: 14    XL:     3   Next: 41%
Magic:  7/7        EV: 13    Int: 14    God:
Gold:   63         SH:  0    Dex: 15    Spells: 3/3 levels left

rFire    . . .     SeeInvis .   g - +1 short sword (venom)
rCold    . . .     Gourm    .   (no shield)
rNeg     . . .     Faith    .   i - +1 ring mail
rPois    .         Spirit   .   (no helmet)
rElec    .         Reflect  .   (no cloak)
rCorr    .         Harm     .   (no gloves)
MR       .....     Clarity  +   (no boots)
Stlth    +.........             (no amulet)
HPRegen  0.09/turn              (no ring)
MPRegen  0.10/turn              (no ring)

@: no status effects
A: distributed training, fangs 1, hooves 1, blurry vision 1, clarity, strong
nose
a: no special abilities


You were on level 2 of the Dungeon.
You were hungry.

You visited 1 branch of the dungeon, and saw 2 of its levels.

You collected 63 gold pieces.

Inventory:

Hand Weapons
 g - a +1 short sword of venom (weapon)
Armour
 i - a +1 ring mail (worn)
Wands
 c - a wand of flame (14)
 d - a wand of enslavement (14)
 e - a wand of random effects (15)
Scrolls
 a - a scroll of immolation {unknown}
 k - a scroll of magic mapping {unknown}
 m - a scroll of amnesia {unknown}
 n - a scroll of teleportation {unknown}
Potions
 b - a potion of agility
 l - 2 potions of curing {unknown}
Comestibles
 f - 5 rations
 j - a chunk of flesh


   Skills:
 + Level 2.6 Fighting
 + Level 2.6 Short Blades
 + Level 0.7 Long Blades
 + Level 0.7 Axes
 + Level 0.7 Maces & Flails
 + Level 0.7 Polearms
 + Level 0.7 Staves
 + Level 0.7 Slings
 + Level 0.7 Bows
 + Level 0.7 Crossbows
 + Level 0.7 Throwing
 + Level 0.7 Armour
 + Level 4.5 Dodging
 + Level 2.3 Stealth
 + Level 0.7 Shields
 + Level 0.7 Unarmed Combat
 + Level 0.7 Spellcasting
 + Level 0.5 Conjurations
 + Level 0.5 Hexes
 + Level 0.5 Charms
 + Level 0.5 Summonings
 + Level 0.5 Necromancy
 + Level 0.5 Translocations
 + Level 0.5 Transmutations
 + Level 0.5 Fire Magic
 + Level 0.5 Ice Magic
 + Level 0.5 Air Magic
 + Level 0.5 Earth Magic
 + Level 0.5 Poison Magic
 + Level 0.9 Invocations
 + Level 6.5 Evocations


You had 3 spell levels left.
You didn't know any spells.
Your spell library was empty.

Dungeon Overview and Level Annotations

Branches:
Dungeon (2/15)

Altars:


Innate Abilities, Weirdness & Mutations

Your experience applies equally to all skills.
You have very sharp teeth.
Your uncanny sense of smell can sniff out nearby items.
You have large cloven feet.
Scrolls take you a little longer to read.
You possess an exceptional clarity of mind.


Message History

The goblin hits you with a +1 dagger of electrocution.
You are electrocuted!!
Ouch! That really hurt!
* * * LOW HITPOINT WARNING * * *
A goblin is nearby!
You are too injured to fight recklessly!
Unknown command.
Okay, then.
Okay, then.
Press: ? - help, v - describe, . - travel
Here: a goblin, wielding a +1 dagger of electrocution The floor.
Okay, then.
There is an open door here.
You are feeling hungry.
It was a potion of mutation.
You feel extremely strange.
Your vision blurs.
Your thoughts seem clearer.
Your feet thicken and deform.
The goblin hits you but does no damage.
You are electrocuted!
Ouch! That really hurt!
You die...

.###.##
#.#......................
.# #..#
#.##.....................
.# ##.#
#.########...............
.# #.###.#
#........######### .#
#..##.# #.#...##.# .#
##.##.# #.#...##.# ##
#..#.# #.######.# # ##.#.#
#g# #.# # #.[.# #@# #.# #
##.)######.# #.# #####
#.>.......######.#########
#...#
#........................#
#†#.#
#.#############.########.#
#.#.# #.# #........#.#
#.#.# #.# #......#.#.#
#.#.# #.# #.####.#.#.#
....# #.# #.# #.....#


You could see a goblin.

Vanquished Creatures
  2 dart slugs
  2 bats
  2 giant cockroaches
  6 goblins
  6 hobgoblins
  2 jackals (D:1)
  4 kobolds (D:1)
  A frilled lizard (D:2)
  4 rats
29 creatures vanquished.

Vanquished Creatures (others)
  A ball python (D:1)
1 creature vanquished.

Grand Total: 30 creatures vanquished

Notes
Turn   | Place    | Note
-------+----------+-------------------------------------------
     0 | D:1      | Amplified the Gnoll Artificer began the quest for the Orb.
     0 | D:1      | Reached XP level 1. HP: 17/17 MP: 4/4
   118 | D:1      | Reached XP level 2. HP: 16/23 MP: 6/6
   507 | D:1      | Reached XP level 3. HP: 18/28 MP: 7/7
  1394 | D:2      | Gained mutation: Scrolls take you a little longer to read.
                  | [potion of mutation]
  1394 | D:2      | Gained mutation: You possess an exceptional clarity of
                  | mind. [potion of mutation]
  1394 | D:2      | Gained mutation: You have large cloven feet. [potion of
                  | mutation]
  1408 | D:2      | Slain by a goblin

Levels and vault maps discovered:
D:1:      eino_arrival_cavern_a, layout_loops_ring, minmay_misc_feat_hallway
D:2:      layout_basic, minmay_vboxes

Action                   || total
-------------------------++-------
Melee: Short sword       ||    86
       Bite              ||     8
Evoke: Wand              ||     2
  Use: Potion            ||     2
       Scroll            ||     2
 Stab: Sleeping          ||     2
  Eat: Chunk             ||     1
Armor: Leather armour    ||    10
       Ring mail         ||     7
Dodge: Dodged            ||    70
